 Dungeon Crawl Stone Soup version 0.25-a0-425-g0e000e855e (webtiles) character file.

Game seed: 7789817666392350957, levelgen mode: deterministic

3143 ChaosChampion the Covert (level 9, -6/58 HPs)
             Began as an Octopode Transmuter on Jan 23, 2020.
             Was a Follower of Cheibriados.
             Killed from afar by an electric eel (12 damage)
             ... with a bolt of electricity
             ... on level 8 of the Dungeon on Jan 24, 2020.
             The game lasted 00:33:56 (7674 turns).

ChaosChampion the Covert (Octopode Transmuter)      Turns: 7674, Time: 00:33:57

Health: -6/58      AC:  1    Str: 11    XL:     9   Next: 93%
Magic:  15/17      EV: 16    Int: 20    God:    Cheibriados [*.....]
Gold:   409        SH:  0    Dex: 15    Spells: 7/18 levels left

rFire    . . .     SeeInvis .   D - staff of poison
rCold    . . .     Gourm    .   (no shield)
rNeg     . . .     Faith    .   (helmet restricted)
rPois    +         Spirit   .   (no amulet)
rElec    .         Reflect  .   j - ring of wizardry
rCorr    .         Harm     .   o - ring of fire
MR       .....                  u - ring of ice
Stlth    +++++.....             (no ring)
HPRegen  0.19/turn              (no ring)
MPRegen  0.15/turn              (no ring)
                                (no ring)
                                (no ring)

@: very slow
A: almost no armour, stealthy swim, amphibious, 8 rings, constrict 8, camouflage
1, gelatinous body 1
a: Bend Time, Renounce Religion


You were on level 8 of the Dungeon.
You worshipped Cheibriados.
Cheibriados was aware of your devotion.
You were not hungry.

You visited 2 branches of the dungeon, and saw 9 of its levels.

You collected 409 gold pieces.

Inventory:

Hand Weapons
 h - a +2 dagger of venom
 m - a +0 vorpal morningstar
Missiles
 a - 108 arrows
 e - 59 poisoned darts (quivered)
 f - a throwing net
 g - 66 bolts
Armour
 k - a +3 leather armour of magic resistance
Magical Staves
 D - an uncursed staff of poison (weapon)
Jewellery
 j - a ring of wizardry (left tentacle)
 o - a ring of fire (right tentacle)
 u - a ring of ice (on tentacle)
Wands
 l - a wand of iceblast (8)
 n - a wand of random effects (30)
 p - a wand of polymorph (12)
 s - a wand of acid (6)
 x - a wand of flame (14)
 y - a wand of digging (5)
 B - a wand of scattershot (5)
Scrolls
 b - 8 scrolls of remove curse
 q - 5 scrolls of identify
 C - a scroll of immolation
Potions
 d - 7 potions of lignification
 i - a potion of agility {unknown}
 r - 3 potions of cancellation
 t - 2 potions of flight {unknown}
 v - a potion of degeneration {unknown}
 z - a potion of mutation {unknown}
Comestibles
 c - 5 rations


   Skills:
 + Level 4.0 Fighting
 + Level 4.7 Dodging
 * Level 8.3 Stealth
 * Level 6.9 Unarmed Combat
 + Level 5.3 Spellcasting
 * Level 6.2 Transmutations
 - Level 3.0 Poison Magic


You had 7 spell levels left.
You knew the following spells:

 Your Spells              Type           Power        Failure   Level  Hunger
a - Beastly Appendage     Tmut           ####..       1%          1    None
b - Sticks to Snakes      Tmut           ####....     1%          2    None
c - Spider Form           Tmut/Pois      #####.....   1%          3    ##.....
d - Blade Hands           Tmut           ####......   10%         5    #####..

Your spell library contained the following spells:

 Spells                   Type           Power        Failure   Level  Hunger
 Ice Form                 Ice/Tmut       ####....     12%         4    ####...


Dungeon Overview and Level Annotations

Branches:
Dungeon (8/15)             Temple (1/1) D:7            Lair (0/6) D:8

Altars:
Ashenzari
Cheibriados
Dithmenos
Elyvilon
Fedhas
Gozag
Hepliaklqana
Kikubaaqudgha
Makhleb
Nemelex Xobeh
Okawaru
Qazlal
Ru
Sif Muna
Trog
Uskayaw
Vehumet
Wu Jian
Xom
Yredelemnul
Zin
The Shining One

Annotations:
D:8 Harold


Innate Abilities, Weirdness & Mutations

You cannot wear most types of armour.
You are very stealthy in the water. (Stealth+)
You are amphibious.
You can wear up to eight rings at the same time.
You can use your tentacles to constrict eight enemies at once.
Your skin changes colour to match your surroundings (Stealth+).
Your rubbery body absorbs attacks. (AC +1, EV +1)


Message History

Okay, then.
You feel better.
The electric eel shoots out a bolt of lightning at you!
The bolt of electricity hits you!
* * * LOW HITPOINT WARNING * * *
Okay, then.
The electric eel shoots out a bolt of lightning at you!
The bolt of electricity misses you.
The electric eel shoots out a bolt of lightning at you!
The bolt of electricity hits you!
* * * LOW HITPOINT WARNING * * *
Casting: Sticks to Snakes (safe; 1% risk of failure)
Confirm with . or Enter, or press ? or * to list all spells.
You create 2 snakes!
You now have 108 arrows.
The electric eel shoots out a bolt of lightning at you!
The bolt of electricity hits the electric eel.
The electric eel completely resists.
The bolt of electricity misses you.
The electric eel shoots out a bolt of lightning at you!
The bolt of electricity hits you!
You die...

;....≈≈≈≈≈≈≈.......########...#..
≈≈≈.≈.(≈≈≈≈.≈......'..)..#....#..
..≈≈≈≈≈(≈≈≈..≈.....#.....'....#..
..≈≈≈≈≈≈≈≈.≈≈≈.....#.....#....#..
;≈≈≈.≈.≈.≈≈≈≈≈.....#....##....#..
.≈≈≈....≈≈≈≈;≈######....##....#..
.≈≈.≈.>.≈≈≈≈≈;.S..#...........#..
≈≈≈≈.....≈≈≈≈≈....#...........#..
.≈≈≈.≈..≈≈≈≈≈≈.S@.#...))......'..
.≈≈≈.≈...≈≈≈≈...####..####....#..
≈...≈≈≈....####'### ######..
≈.≈≈.≈≈...........# #..
≈.≈≈≈.............# #..
.≈≈≈≈............# #..
≈≈≈≈≈≈...####..#########..
≈≈......####..##.........
≈..≈...........#.........


You could see 2 electric eels, a friendly adder and a friendly ball python.

Vanquished Creatures
  A two-headed ogre (D:8)
  A hippogriff (D:8)
  Sigmund (D:6)
  A wraith (D:7)
  An ice beast (D:5)
  A sky beast (D:7)
  A centaur (D:5)
  A phantom (D:5)
  A wolf (D:8)
  An ogre (D:8)
  A crocodile (D:8)
  A scorpion (D:5)
  2 howler monkeys
  4 crimson imps
  2 bullfrog zombies
  A quasit (D:6)
  2 hounds
  A jelly (D:8)
  Ijyb (D:2)
  A centaur skeleton (D:8)
  5 orc wizards
  4 orc priests
  6 worker ants
  A howler monkey skeleton (D:5)
  4 gnolls (D:6)
  4 adders
  2 adder zombies (D:7)
  A worm (D:5)
  4 dart slugs
  6 leopard geckos
  26 orcs
  3 giant cockroaches
  8 goblins (D:2)
  9 hobgoblins
  8 jackals
  6 kobolds
  8 quokkas
  2 ball pythons
  3 bats
  2 frilled lizards
  A giant cockroach zombie (D:5)
  A jackal skeleton (D:5)
  A leopard gecko skeleton (D:4)
  2 quokka skeletons
  9 rats
  2 fungi (D:3)
154 creatures vanquished.

Vanquished Creatures (collateral kills)
  A troll (D:8)
  A wolf (D:8)
  An iguana (D:8)
  An orc wizard (D:8)
  A hound zombie (D:5)
  An adder zombie (D:8)
  5 orcs
  A jackal (D:1)
12 creatures vanquished.

Grand Total: 166 creatures vanquished

Notes
Turn   | Place    | Note
-------+----------+-------------------------------------------
     0 | D:1      | ChaosChampion the Octopode Transmuter began the quest for
                  | the Orb.
     0 | D:1      | Reached XP level 1. HP: 13/13 MP: 3/3
   193 | D:1      | Reached XP level 2. HP: 17/18 MP: 3/5
   368 | D:1      | Learned a level 2 spell: Sticks to Snakes
   512 | D:1      | Reached XP level 3. HP: 23/23 MP: 6/6
   517 | D:1      | Learned a level 3 spell: Spider Form
   812 | D:2      | Reached skill level 1 in Stealth
   815 | D:2      | Noticed Ijyb
   831 | D:2      | Killed Ijyb
   831 | D:2      | Reached XP level 4. HP: 15/28 MP: 3/7
   862 | D:2      | You fall into a shaft and drop 2 floors!
  1003 | D:4      | Reached skill level 2 in Stealth
  1085 | D:4      | Reached XP level 5. HP: 5/33 MP: 1/8
  1311 | D:4      | Reached skill level 3 in Stealth
  1311 | D:4      | Reached XP level 6. HP: 38/38 MP: 10/10
  1396 | D:4      | Learned a level 5 spell: Blade Hands
  1857 | D:3      | Found a sacrificial altar of Ru.
  2657 | D:2      | Found a basalt altar of Yredelemnul.
  2800 | D:5      | Entered Level 5 of the Dungeon
  2888 | D:5      | Reached skill level 4 in Stealth
  2888 | D:5      | Reached XP level 7. HP: 28/45 MP: 8/12
  3525 | D:5      | Reached skill level 5 in Unarmed Combat
  3600 | D:5      | Reached skill level 5 in Stealth
  3620 | D:5      | HP: 2/45 [poisoned by an orc wizard]
  3625 | D:5      | HP: 3/67 [poisoned by an orc wizard]
  3632 | D:5      | HP: 2/67 [poisoned by an orc wizard]
  3640 | D:5      | HP: 2/67 [poisoned by an orc wizard]
  4035 | D:5      | Reached XP level 8. HP: 36/51 MP: 9/14
  5082 | D:6      | Noticed Sigmund
  5355 | D:6      | Killed Sigmund
  5355 | D:6      | Reached skill level 6 in Stealth
  5475 | D:6      | Found a snail-covered altar of Cheibriados.
  5484 | D:6      | Became a worshipper of Cheibriados the Contemplative
  5632 | D:7      | Found a staircase to the Ecumenical Temple.
  5639 | D:7      | Noticed a wraith
  5657 | D:7      | Killed a wraith
  5657 | D:7      | Reached skill level 5 in Transmutations
  5684 | Temple   | Entered the Ecumenical Temple
  6185 | D:7      | Reached XP level 9. HP: 43/57 MP: 11/16
  6322 | D:8      | Found a staircase to the Lair.
  6322 | D:8      | Noticed Harold
  6327 | D:8      | Noticed a troll
  6345 | D:8      | Noticed a two-headed ogre
  6475 | D:8      | Killed a two-headed ogre
  6475 | D:8      | Reached skill level 7 in Stealth
  6475 | D:8      | Reached skill level 5 in Spellcasting
  6563 | D:8      | HP: 1/57 [wolf (6)]
  7195 | D:8      | Reached * piety under Cheibriados
  7322 | D:8      | Reached skill level 8 in Stealth
  7419 | D:8      | Killed a troll
  7674 | D:8      | Killed from afar by an electric eel

Levels and vault maps discovered:
D:1:      dpeg_arrival_ratfight, layout_basic, palyth_stone_intersect
D:2:      kennysheep_the_goblin_king, layout_rooms, lemuel_round_altar,
          first_ration, minmay_split_cup_small
D:3:      layout_rooms, nicolae_ru_the_path_less_chosen, kennysheep_cross_room
D:4:      layout_loops_ring, minmay_crystal_water, minmay_misc_feat_diagonals
D:5:      layout_loops_ring
D:6:      layout_loops_ring, nrook_uturn, cheibriados_altar_1, uniq_sigmund,
          uniq_crazy_yiuf_cottage
D:7:      layout_gridville, minmay_temple_entry_ruins,
          hangedman_abyss_or_decor_stabs
D:8:      layout_gridville, erik_lair_island, basic_altar, uniq_harold
Temple:   regret_index_temple_chain_breaker

Skill      XL: |  1  2  3  4  5  6  7  8  9 |
---------------+----------------------------+-----
Stealth        | 1 2 3 4 5 6 8 |  8.3
Unarmed Combat | 4 5 6 |  6.9
Transmutations | 3 4 5 6 |  6.2
Spellcasting   | 3 4 5 |  5.3
Dodging        | 3 4 |  4.7
Fighting       | 2 3 4 |  4.0
Poison Magic   | 3 |  3.0

Action                   |  1- 3 |  4- 6 |  7- 9 || total
-------------------------+-------+-------+-------++-------
Melee: Unarmed           |    68 |   178 |   230 ||   476
       Constrict         |    14 |    10 |     9 ||    33
       Tentacles         |     9 |    10 |     3 ||    22
       Kick              |     6 |       |       ||     6
       Punch             |     2 |     1 |     3 ||     6
       Staff             |       |       |     1 ||     1
Throw: Dart              |       |    10 |     3 ||    13
 Cast: Beastly Appendage |     9 |       |     1 ||    10
       Sticks to Snakes  |     1 |     6 |    27 ||    34
       Spider Form       |     3 |    27 |    27 ||    57
       Blade Hands       |       |       |    10 ||    10
  Use: Scroll            |       |     6 |     4 ||    10
       Potion            |       |     5 |    10 ||    15
 Stab: Sleeping          |     6 |     5 |     8 ||    19
       Distracted        |       |       |     3 ||     3
  Eat: Chunk             |       |     9 |     7 ||    16
       Ration            |       |       |     5 ||     5
Armor: Skin              |     5 |    38 |    12 ||    55
Dodge: Dodged            |    57 |   140 |   232 ||   429

Table legend:
 A = Non-vault XP
 B = Vault XP
 C = Vault XP percentage of total XP
 D = Non-vault monster count
 E = Vault monster count
 F = Vault count percentage of total count
                 A         B        C        D         E       F
            +---------+---------+-------+---------+---------+-------
      Total |    3693 |     798 |  17.8 |     144 |      20 |  12.2
            +---------+---------+-------+---------+---------+-------
        D:1 |      31 |       5 |  13.9 |      15 |       5 |  25.0
        D:2 |      22 |      58 |  72.5 |      13 |      10 |  43.5
        D:3 |     166 |       0 |   0.0 |      26 |       0 |   0.0
        D:4 |     270 |       0 |   0.0 |      24 |       0 |   0.0
        D:5 |     840 |       0 |   0.0 |      20 |       0 |   0.0
        D:6 |     363 |     227 |  38.5 |      23 |       1 |   4.2
        D:7 |     431 |       0 |   0.0 |      10 |       0 |   0.0
        D:8 |    1570 |     508 |  24.4 |      13 |       4 |  23.5
            +---------+---------+-------+---------+---------+-------
